 Dungeon Crawl Stone Soup version 0.28-a0-664-gc179e30c89 (webtiles) character file.

Game seed: 12346209407042005572

3847 andesha the Basher (level 9, -6/81 (85) HPs)
             Began as a Minotaur Berserker on Oct 16, 2021.
             Was an Elder of Trog.
             Mangled by a bone dragon (8 damage)
             ... on level 1 of the Abyss.
             The game lasted 00:24:37 (7477 turns).

andesha the Basher (Minotaur Berserker)             Turns: 7477, Time: 00:24:37

HP:   -6/81 (85)    AC: 15    Str: 31    XL:     9   Next: 98%
MP:   8/8           EV: 10    Int:  4    God:    Trog [****..]
Gold: 404           SH:  0    Dex: 10    Spells: 8/8 levels left

rFire   + + .      SeeInvis .   a - +0 mace
rCold   + . .      Faith    .   (no shield)
rNeg    . . .      Spirit   .   m - +2 chain mail {rF+}
rPois   +          Reflect  .   (helmet restricted)
rElec   .          Harm     .   f - scarf {rC+ rF+}
rCorr   .          Rampage  .   (no gloves)
Will    .....                   g - +1 pair of boots
Stlth   ..........              d - amulet of regeneration
HPRegen 1.23/turn               o - ring of poison resistance
MPRegen 0.11/turn               l - +6 ring of strength

@: about to teleport, silenced, slowed, studying Maces & Flails, lightly
drained, very slow
A: horns 2, retaliatory headbutt
a: Renounce Religion


You were on level 1 of the Abyss.
You worshipped Trog.
Trog was greatly pleased with you.
You visited 1 branch of the dungeon, and saw 8 of its levels.
You visited the Abyss 1 time.

You collected 404 gold pieces.

Inventory:

Hand Weapons
 a - a +0 mace (weapon)
Armour
 f - a scarf of resistance (worn)
 g - a +1 pair of boots (worn)
 m - a +2 chain mail of fire resistance (worn)
Jewellery
 d - an amulet of regeneration (around neck)
 l - a +6 ring of strength (right hand)
 o - a ring of poison resistance (left hand)
 p - a +4 ring of evasion
Scrolls
 b - 2 scrolls of teleportation
Potions
 e - a potion of invisibility
 h - 2 potions of cancellation
 j - 3 potions of curing


   Skills:
 * Level 10.1 Fighting
 + Level 11.0 Maces & Flails
 + Level 9.5 Armour
 + Level 4.7 Dodging


You had 8 spell levels left.
You didn't know any spells.
Your spell library was empty.

Dungeon Overview and Level Annotations

Branches:
Dungeon (8/15)             Temple (0/1) D:6
   Lair: D:8-11

Altars:
Cheibriados
Dithmenos
Fedhas
Gozag
Hepliaklqana
Qazlal
Yredelemnul
Zin
Beogh

Annotations:
D:8 Psyche


Innate Abilities, Weirdness & Mutations

You have a pair of horns on your head.
You reflexively headbutt those who attack you in melee.


Message History

The worldbinder hits you but does no damage.
The worldbinder barely misses you.
The ironbound thunderhulk hits you but does no damage.
The ironbound thunderhulk barely misses you.
The lich touches you but does no damage.
The ironbound thunderhulk barely misses you.
The lich touches you but does no damage.
The worldbinder hits you but does no damage.
The worldbinder barely misses you.
As you read the scroll of teleportation, it crumbles to dust.
You feel strangely unstable.
You feel the power of the Abyss delaying your translocation!
The worldbinder hits you but does no damage.
The worldbinder barely misses you. The lich touches you.
Electricity crackles from the ironbound thunderhulk's apparatus.
The bolt of lightning hits you!
The ironbound thunderhulk hits you but does no damage.
The lich touches you.
You feel drained.
Electricity crackles from the ironbound thunderhulk's apparatus.
The bolt of lightning hits you!!
As you read the scroll of silence, it crumbles to dust.
A profound silence engulfs you.
The ironbound thunderhulk disappears in a puff of smoke!
The red very ugly thing disappears in a puff of smoke!
The ironbound thunderhulk disappears in a puff of smoke!
The worldbinder calls forth creatures from the Vaults!
The lich completely misses you. You furiously retaliate!
You headbutt the lich. The bone dragon bites you!
* * * LOW HITPOINT WARNING * * *
The bone dragon claws you but does no damage.
The bone dragon tramples you but does no damage.
The lich completely misses you. The lich touches you!
* * * LOW HITPOINT WARNING * * *
You feel drained.
* * * LOW HITPOINT WARNING * * *
The bone dragon bites you!
* * * LOW HITPOINT WARNING * * *
The bone dragon claws you but does no damage.
The bone dragon tramples you!
You die...

# .###.#....#
##...... #.#...
#...#.####...#.
# # ...#..#...
#.##..u... ..##
#...##.##....
##.#xL.# #..
#.5.D.# .
#...#O@#
###..#.#
###.... #...#.#
#.###.# .. .
#.. ## ##


You could see a bone dragon, a white very ugly thing (summoned), an ironbound
thunderhulk (summoned), a lich, a worldbinder and a white imp.

Vanquished Creatures
  A small abomination (Abyss:1)
  A wyvern (D:8)
  A steam dragon (D:8)
  3 water moccasins
  3 orc warriors
  4 ice beasts
  2 sky beasts
  2 ogres
  A black bear (D:5)
  A centaur (D:6)
  3 phantoms
  A kobold brigand (D:6)
  3 gnoll sergeants
  3 scorpions
  2 bullfrogs
  A water moccasin zombie (D:5)
  A water moccasin skeleton (D:4)
  4 killer bees (D:5)
  4 hounds
  A centaur skeleton (D:5)
  2 jellies
  3 orc priests
  A bullfrog skeleton (D:6)
  A scorpion zombie (D:5)
  An iguana (D:4)
  6 orc wizards
  Terence (D:3)
  18 gnolls
  5 adders
  An adder zombie (D:4)
  3 worms (D:2)
  An adder skeleton (D:4)
  2 dart slugs (D:1)
  40 orcs
  5 bats
  5 endoplasms
  2 giant cockroaches
  6 goblins
  11 hobgoblins
  2 jackals (D:3)
  3 quokkas
  5 ball pythons
  4 frilled lizards
  A jackal skeleton (D:4)
  13 kobolds
  4 rats
188 creatures vanquished.

Vanquished Creatures (others)
  An orc warrior (D:6)
  A bush (D:3)
2 creatures vanquished.

Grand Total: 190 creatures vanquished

Notes
Turn   | Place    | Note
-------+----------+-------------------------------------------
     0 | D:1      | andesha the Minotaur Berserker began the quest for the Orb.
     0 | D:1      | Reached XP level 1. HP: 19/19 MP: 0/0
   212 | D:1      | Reached XP level 2. HP: 27/27 MP: 1/1
   227 | D:1      | Reached skill level 4 in Maces & Flails
  1011 | D:1      | Reached XP level 3. HP: 34/34 MP: 2/2
  1238 | D:2      | Reached XP level 4. HP: 41/41 MP: 3/3
  1241 | D:2      | Reached ** piety under Trog
  1387 | D:2      | Found a faded altar of an unknown god.
  1455 | D:2      | Reached skill level 5 in Fighting
  1794 | D:2      | Reached skill level 5 in Maces & Flails
  1861 | D:2      | Reached XP level 5. HP: 36/48 MP: 4/4
  2406 | D:3      | Noticed Terence
  2411 | D:3      | Killed Terence
  3261 | D:4      | Noticed a phantom
  3270 | D:4      | Killed a phantom
  3271 | D:4      | Reached XP level 6. HP: 56/56 MP: 5/5
  3380 | D:4      | Found a stormy altar of Qazlal.
  3380 | D:4      | Found a glowing silver altar of Zin.
  3390 | D:4      | Found a shadowy altar of Dithmenos.
  3397 | D:4      | Found a snail-covered altar of Cheibriados.
  3399 | D:4      | Found a hazy altar of Hepliaklqana.
  3530 | D:4      | Noticed a water moccasin
  3547 | D:4      | Killed a water moccasin
  3548 | D:4      | Reached skill level 6 in Maces & Flails
  3641 | D:4      | Reached *** piety under Trog
  3642 | D:4      | Reached skill level 5 in Armour
  3781 | D:4      | Reached XP level 7. HP: 47/62 MP: 6/6
  4028 | D:5      | Entered Level 5 of the Dungeon
  4103 | D:5      | Reached skill level 7 in Maces & Flails
  4216 | D:5      | Reached XP level 8. HP: 71/71 MP: 7/7
  4503 | D:5      | Reached skill level 8 in Maces & Flails
  4745 | D:5      | Found a runed translucent door.
  4872 | D:5      | Found an opulent altar of Gozag.
  5154 | D:5      | Reached **** piety under Trog
  5370 | D:6      | Reached skill level 9 in Maces & Flails
  5416 | D:6      | Found a basalt altar of Yredelemnul.
  5419 | D:6      | Found a blossoming altar of Fedhas.
  5583 | D:6      | Reached XP level 9. HP: 77/81 MP: 8/8
  5619 | D:6      | Found a staircase to the Ecumenical Temple.
  6328 | D:7      | Reached skill level 10 in Maces & Flails
  6476 | D:7      | Reached ***** piety under Trog
  6973 | D:8      | Identified a scroll of acquirement
  6974 | D:8      | Acquired a manual of Maces & Flails
  7070 | D:8      | Reached skill level 10 in Fighting
  7125 | D:8      | Noticed Psyche
  7137 | D:8      | Cast into level 1 of the Abyss (Psyche)
  7137 | Abyss:1  | Found a corrupted altar of Lugonu.
  7217 | Abyss:1  | Noticed a sixfirhy
  7223 | Abyss:1  | Noticed a sixfirhy
  7225 | Abyss:1  | Noticed a cacodemon
  7225 | Abyss:1  | Noticed an angel
  7313 | Abyss:1  | Reached skill level 11 in Maces & Flails
  7459 | Abyss:1  | Noticed a lich
  7463 | Abyss:1  | Noticed a bone dragon
  7464 | Abyss:1  | Noticed a worldbinder
  7468 | Abyss:1  | Noticed a red very ugly thing
  7471 | Abyss:1  | Noticed an ironbound thunderhulk
  7471 | Abyss:1  | Noticed a red very ugly thing
  7471 | Abyss:1  | Noticed an ironbound thunderhulk
  7476 | Abyss:1  | Noticed an ironbound thunderhulk
  7476 | Abyss:1  | Noticed a white very ugly thing
  7477 | Abyss:1  | HP: 2/81 [bone dragon (11)]
  7477 | Abyss:1  | Mangled by a bone dragon

Illustrated notes

Levels and vault maps discovered:
D:1:      dpeg_arrival_line_fractal, layout_rooms, minmay_misc_feat_more_columns
D:2:      layout_loops_cross, chequers_ecumenical_altar_grove
D:3:      layout_loops_cross, roderic_serpentine_path, minmay_hedge_maze,
          grunt_decor_mini_mirrors, hangedman_abyss_or_decor_stabs,
          roderic_filled_cross, kennysheep_cluttered_room,
          chequers_decorated_corner, uniq_terence
D:4:      minmay_chambers_of_fours, layout_basic,
          chequers_temple_overflow_minitemple
D:5:      layout_loops_corners, lemuel_doored_altar, minmay_crystal_water,
          lightli_church_of_beogh
D:6:      layout_rooms, minitemple, minmay_temple_entry_sparse_star
D:7:      layout_cave_pods
D:8:      layout_gridville, uniq_pikel, uniq_erica, uniq_psyche
Abyss:1:  base: D:4, hangedman_abyss_monster_moat

Skill      XL: |  1  2  3  4  5  6  7  8  9 |
---------------+----------------------------+-----
Fighting       | 4 5 6 8 10 | 10.1
Maces & Flails | 4 5 6 7 9 11 | 11.0
Armour         | 3 4 5 6 7 9 |  9.5
Dodging        | 3 4 |  4.7

Action                   |  1- 3 |  4- 6 |  7- 9 || total
-------------------------+-------+-------+-------++-------
Melee: Mace              |    63 |   149 |   385 ||   597
       Headbutt          |     8 |    31 |    74 ||   113
Invok: Berserk           |     1 |     3 |     2 ||     6
  Use: Scroll            |     2 |     4 |    11 ||    17
       Potion            |     1 |     6 |     3 ||    10
 Stab: Sleeping          |     1 |       |       ||     1
Armor: Animal skin       |     3 |       |       ||     3
       Scale mail        |    16 |    20 |       ||    36
       Chain mail        |       |    47 |   221 ||   268
       Skin              |       |       |     9 ||     9
Dodge: Dodged            |    34 |    50 |   163 ||   247

Table legend: (Time is in decaauts)
 A = Elapsed time spent in this place.
 B = Non-inter-level travel time spent in this place.
 C = Inter-level travel time spent in this place.
 D = Time resting spent in this place.
 E = Time spent auto-exploring this place.
 F = Levels seen in this place.
 G = Mean time per level.
                   A        B        C        D        E       F      G
               +--------+--------+--------+--------+--------+-----+--------+
         Total |   7532 |   7351 |    181 |   1000 |   4574 |   9 |  836.9 |
       Dungeon |   7188 |   7007 |    181 |    834 |   4484 |   8 |  898.5 |
         Abyss |    344 |    344 |      0 |    166 |     90 |   1 |  344.0 |
               +--------+--------+--------+--------+--------+-----+--------+

Top non-repeatable levels by time:
     D:5: 1294 daAuts
     D:1: 1096 daAuts
     D:2: 1067 daAuts
     D:3: 1023 daAuts
     D:7: 905 daAuts
     D:4: 895 daAuts
     D:6: 592 daAuts
 Abyss:1: 344 daAuts
     D:8: 313 daAuts
